AoeStats
← Topaxd

Arena

505803441Analyzed
3v3 RM · 20d ago on Sep 11, 2026· 51m 41s· 6 players
Game mode
Random Map
Map size
Normal (6 player)
Population
200
Speed
Normal
Resources
Standard
Victory
Conquest
Starting age
Dark Age
Ending age
Imperial Age
RankedLock teamsTeams togetherTeam positionsShared explorationLock speedFull tech treeHidden civsTurbo modeCheats
Victory
Defeat
🇲🇽 Aztecs · Mexico
733
+8
🇨🇱 Burgundians · Chile
644
+11
🇨🇱 Bulgarians · Chile
565
+13
🇺🇸 Goths · United States
542
-12
🇺🇸 Persians · United States
521
-10
🇳🇱 Celts · Netherlands
511
-10
ENIKMA 0666
10:00 Feudal Age
8:16 Loom
11:25 Wheelbarrow
24:46 Castle Age
22:32 Town Watch
26:27 Double-Bit Axe
26:32 Horse Collar
29:00 Hand Cart
32:19 Kamandaran
37:57 Bow Saw
39:12 Gold Mining
39:12 Stone Mining
41:41 Guard Tower
41:49 Murder Holes
42:05 Masonry
41:46 Heated Shot
42:20 Husbandry
42:31 Bloodlines
43:20 Scale Barding Armor
43:16 Scale Mail Armor
43:26 Forging
43:17 Padded Archer Armor
43:08 Fletching
Miley Cyrus
2:44 Loom
12:39 Feudal Age
filali-777
10:48 Feudal Age
12:04 Wheelbarrow
11:18 Double-Bit Axe
11:27 Gold Mining
11:26 Horse Collar
17:28 Stone Mining
21:29 Castle Age
19:22 Man-at-Arms
20:07 Fletching
21:28 Forging
21:23 Padded Archer Armor
21:24 Scale Mail Armor
22:52 Gold Shaft Mining
22:02 Long Swordsman
23:13 Bow Saw
24:28 Stone Shaft Mining
23:45 Crossbowman
24:49 Arson
26:53 Heavy Plow
27:49 Treadmill Crane
28:39 Bodkin Arrow
29:36 Guard Tower
32:28 Hand Cart
33:47 Loom
38:33 Imperial Age
38:39 Capped Ram
42:46 Hoardings
44:16 Pikeman
51:34 Masonry
Agressive Taco
0:27 Loom
11:57 Feudal Age
13:43 Wheelbarrow
13:01 Double-Bit Axe
14:32 Town Watch
15:34 Gold Mining
18:39 Stone Mining
23:26 Castle Age
21:28 Arson
21:58 Forging
21:49 Scale Mail Armor
24:42 Hand Cart
24:44 Bow Saw
24:37 Fletching
25:25 Squires
24:50 Elite Skirmisher
27:27 Bodkin Arrow
30:12 Gold Shaft Mining
30:03 Sanctity
29:44 Devotion
29:55 Eagle Warrior
31:17 Padded Archer Armor
31:59 Horse Collar
32:12 Treadmill Crane
32:52 Ballistics
32:24 Guard Tower
33:32 Stone Shaft Mining
33:48 Heavy Plow
33:48 Herbal Medicine
34:22 Town Patrol
35:08 Atlatl
39:41 Imperial Age
37:30 Fervor
37:41 Leather Archer Armor
38:46 Iron Casting
40:22 Chain Mail Armor
40:11 Gambesons
39:53 Crossbowman
40:49 Caravan
40:46 Arrowslits
42:01 Chemistry
41:26 Conscription
42:11 Crop Rotation
43:17 Blast Furnace
42:36 Fortified Wall
42:52 Bracer
44:26 Plate Mail Armor
45:14 Elite Jaguar Warrior
48:28 Garland Wars
48:09 Atlatl
50:39 Block Printing
50:49 Illumination
50:45 Faith
50:26 Atonement
50:50 Heresy
51:05 Theocracy
52:31 Redemption
Topaxd
2:45 Loom
10:58 Feudal Age
12:52 Double-Bit Axe
14:52 Horse Collar
17:16 Arson
19:13 Forging
19:10 Gold Mining
22:09 Scale Mail Armor
22:00 Fletching
24:06 Wheelbarrow
28:52 Castle Age
30:29 Iron Casting
30:10 Chain Mail Armor
29:51 Bodkin Arrow
30:21 Heavy Plow
33:03 Bow Saw
34:47 Stirrups
34:40 Gambesons
34:57 Squires
37:40 Imperial Age
35:40 Thumb Ring
36:48 Gold Shaft Mining
42:08 Blast Furnace
41:38 Plate Mail Armor
41:10 Bracer
41:11 Padded Archer Armor
40:34 Pikeman
42:38 Parthian Tactics
41:36 Elite Konnik
42:03 Heavy Cavalry Archer
43:10 Stone Mining
43:56 Crop Rotation
44:26 Capped Ram
45:58 Leather Archer Armor
45:47 Guard Tower
45:42 Siege Ram
48:45 Hand Cart
48:42 Scale Barding Armor
ricardolarasoza
8:58 Wheelbarrow
11:26 Feudal Age
12:01 Double-Bit Axe
13:45 Horse Collar
15:28 Bow Saw
17:43 Gold Mining
20:11 Castle Age
17:46 Man-at-Arms
18:42 Heavy Plow
18:58 Stone Mining
21:45 Crop Rotation
21:52 Stone Shaft Mining
21:22 Husbandry
20:46 Long Swordsman
23:22 Hand Cart
28:40 Burgundian Vineyards
30:04 Gold Shaft Mining
31:17 Scale Barding Armor
31:24 Forging
32:04 Treadmill Crane
32:34 Fortified Wall
36:24 Imperial Age
34:18 Squires
35:40 Two-Man Saw
36:15 Iron Casting
35:41 Scale Mail Armor
36:02 Chain Barding Armor
37:52 Pikeman
38:18 Arson
37:57 Two-Handed Swordsman
39:06 Conscription
38:13 Elite Coustillier
38:45 Capped Ram
40:05 Town Watch
41:06 Plate Barding Armor
44:09 Chemistry
50:24 Blast Furnace
49:43 Chain Mail Armor
Connection lost

Rejoining the realm…

Still unreachable

The connection could not be restored.

Session expired

The server has moved on; the page needs a fresh start.